 Dungeon Crawl Stone Soup version 0.29-a0-330-g52719c12eb (webtiles) character file.

Game seed: 3517699055313149521

447 kae the Firebug (level 6, 0/67 HPs)
             Began as a Demigod Fire Elementalist on May 1, 2022.
             Slain by a human zombie (4 damage)
             ... in an ossuary.
             The game lasted 00:02:44 (5210 turns).

kae the Firebug (Demigod Fire Elementalist)         Turns: 5210, Time: 00:02:45

Health: 0/67       AC:  3    Str:  9    XL:     6   Next: 44%
Magic:  8/14       EV: 12    Int: 25    God:
Gold:   40         SH:  0    Dex: 14    Spells: 3/12 levels left

rFire   . . .      SeeInvis .   (no weapon)
rCold   . . .      Faith    .   (no shield)
rNeg    + . .      Spirit   .   a - +0 robe
rPois   .          Reflect  .   r - +0 hat
rElec   .          Harm     .   (no cloak)
rCorr   .          Rampage  .   (no gloves)
Will    +....                   k - +0 pair of boots
Stlth   ..........              (no amulet)
HPRegen 0.21/turn               j - ring of positive energy
MPRegen 0.14/turn               (no ring)

@: berserking, very quick
A: high MP 1, forlorn, divine attributes, strong-willed 1
a: no special abilities


You were in an ossuary.
You visited 1 branch of the dungeon, and saw 4 of its levels.
You also visited: Ossuary.

You collected 145 gold pieces.
You spent 105 gold pieces at shops.

Inventory:

Armour
 a - a +0 robe (worn)
 k - a +0 pair of boots (worn)
 r - a +0 hat (worn)
Jewellery
 j - a ring of positive energy (left hand)
Scrolls
 e - 3 scrolls of enchant weapon {unknown}
 h - 3 scrolls of identify {unknown}
 i - a scroll of fog
 l - 2 scrolls of teleportation
 n - 2 scrolls of holy word
 u - a scroll of magic mapping
Potions
 b - a potion of magic
 c - 4 potions of curing
 d - a potion of mutation
 g - a potion of lignification {unknown}
 m - 3 potions of flight {unknown}
 o - a potion of invisibility {unknown}
 p - a potion of cancellation {unknown}
 q - 2 potions of heal wounds {unknown}
 s - a potion of might {unknown}
 t - a potion of degeneration {unknown}


   Skills:
 - Level 1.7 Dodging
 - Level 1.7 Stealth
 + Level 3.7 Spellcasting
 + Level 3.7 Conjurations
 + Level 4.5 Fire Magic


You had 3 spell levels left.
You knew the following spells:

 Your Spells              Type           Power      Damage    Failure   Level
a - Foxfire               Conj/Fire      100%       2x1d9     1%          1
b - Scorch                Fire           54%        2d8       2%          2
c - Conjure Flame         Conj/Fire      25%        6-21      5%          3
d - Inner Flame           Hex/Fire       16%        N/A       11%         3

Your spell library contained the following spells:

 Spells                   Type           Power      Damage    Failure   Level
 Corpse Rot               Necr/Air       8%         N/A       14%         2
 Poisonous Vapours        Pois/Air       8%         N/A       14%         2
 Gell's Gravitas          Tloc           4%         N/A       28%         3
 Teleport Other           Tloc           4%         N/A       28%         3
 Flame Wave               Conj/Fire      25%        2d7       17%         4
 Dispersal                Tloc           2%         N/A       100%        6


Dungeon Overview and Level Annotations

Branches:
Dungeon (4/15)             Temple (0/1) D:4         Ossuary (1/1)

Shops:
D:3 *


Innate Abilities, Weirdness & Mutations

You have an increased reservoir of magic. (+10% MP)
You shall have no god before yourself.
Your divine heritage dramatically boosts your attributes as you level up.
You are strong-willed. (Will+)


Message History

The centaur zombie hits you.
* * * LOW HITPOINT WARNING * * *
The centaur zombie misses you.
A mummy comes into view.
The adder zombie bites you.
* * * LOW HITPOINT WARNING * * *
The centaur zombie hits you.
* * * LOW HITPOINT WARNING * * *
The centaur zombie misses you.
You punch the centaur zombie!
The centaur zombie is severely damaged.
The centaur zombie misses you. The centaur zombie kicks you.
* * * LOW HITPOINT WARNING * * *
The centaur zombie hits you.
* * * LOW HITPOINT WARNING * * *
The centaur zombie closely misses you. The adder zombie misses you.
You hit the centaur zombie.
The centaur zombie is heavily damaged.
The centaur zombie hits you.
* * * LOW HITPOINT WARNING * * *
The centaur zombie closely misses you. x2
The centaur zombie kicks you but does no damage.
You barely miss the centaur zombie.
The centaur zombie is severely damaged.
The adder zombie barely misses you. The human zombie hits you.
* * * LOW HITPOINT WARNING * * *
The centaur zombie hits you.
* * * LOW HITPOINT WARNING * * *
The centaur zombie kicks you but does no damage.
The centaur zombie hits you but does no damage.
The centaur zombie closely misses you.
You punch the centaur zombie! You punch the centaur zombie.
The centaur zombie is almost destroyed.
The adder zombie barely misses you.
You hit the centaur zombie.
You destroy the centaur zombie!
The centaur zombie closely misses you.
The centaur zombie kicks you but does no damage.
The human zombie hits you.
You die...

..# #.Z# #...# ..#
#..# #...# ..# ....
#M..# ..# ....##
#...# ..# ....#
#...# ..# #...# ..#
#ZM.# ..# #Z..# ..#
#@ZZ# ..# #.Z.#
..##############...#
...................#
........∩∩.........#
####################


You could see 2 mummies, an adder zombie, a rat zombie, a centaur zombie and 2
human zombies.

Vanquished Creatures
  Sigmund (D:2)
  A necrophage (D:4)
  A howler monkey (D:4)
  2 centaur zombies (Ossuary)
  Robin (D:2)
  2 adders
  3 gnolls (D:3)
  A worm (D:3)
  A dart slug (D:2)
  An orc (D:3)
  2 endoplasms (D:3)
  6 giant cockroaches
  14 goblins
  11 hobgoblins
  2 quokkas
  9 ball pythons
  3 bats
  6 frilled lizards
  7 hobgoblin zombies (Ossuary)
  A jackal zombie (Ossuary)
  6 kobolds
  5 kobold zombies (Ossuary)
  9 orc zombies (Ossuary)
  4 rats
  A rat zombie (Ossuary)
100 creatures vanquished.

Vanquished Creatures (collateral kills)
  A foxfire (D:3)
1 creature vanquished.

Vanquished Creatures (others)
  377 foxfires
  4 plants (D:1)
381 creatures vanquished.

Grand Total: 482 creatures vanquished

Notes
Turn   | Place    | Note
-------+----------+-------------------------------------------
     0 | D:1      | kae the Demigod Fire Elementalist began the quest for the
                  | Orb.
     0 | D:1      | Reached XP level 1. HP: 14/14 MP: 5/5
   109 | D:1      | Reached skill level 1 in Conjurations
   637 | D:1      | Reached XP level 2. HP: 20/20 MP: 4/7
  1324 | D:2      | Noticed Robin
  1325 | D:2      | Reached skill level 3 in Fire Magic
  1705 | D:2      | Reached XP level 3. HP: 19/26 MP: 3/9
  1764 | D:2      | Killed Robin
  1908 | D:2      | Learned a level 2 spell: Scorch
  1987 | D:2      | Learned a level 3 spell: Conjure Flame
  2495 | D:2      | Noticed Sigmund
  2506 | D:2      | Killed Sigmund
  2507 | D:2      | Reached skill level 4 in Fire Magic
  2507 | D:2      | Reached XP level 4. HP: 17/33 MP: 0/11
  2507 | D:2      | Reached XP level 5. HP: 19/38 MP: 0/12
  3679 | D:3      | Found Inwem's Assorted Antiques.
  3689 | D:3      | Bought a bubbling ruby potion for 21 gold pieces
  3689 | D:3      | Bought a bubbling white potion for 21 gold pieces
  3689 | D:3      | Bought a pink potion for 21 gold pieces
  3689 | D:3      | Bought a puce potion for 21 gold pieces
  3689 | D:3      | Bought a viscous amethyst potion for 21 gold pieces
  3982 | D:3      | Learned a level 3 spell: Inner Flame
  4437 | D:4      | Reached XP level 6. HP: 42/45 MP: 5/14
  4539 | D:4      | Found a staircase to the Ecumenical Temple.
  4583 | D:4      | Found a sand-covered staircase.
  4598 | Ossuary  | Entered an ossuary
  5200 | Ossuary  | Gained mutation: You are strong-willed. (Will+) [potion of
                  | mutation]
  5208 | Ossuary  | HP: 3/67 [centaur zombie (4)]
  5210 | Ossuary  | Slain by a human zombie

Illustrated notes

Levels and vault maps discovered:
D:1:      tarquinn_simple_flora_water_f, layout_loops_ring,
          ebering_ecumenical_altar_petrified
D:2:      layout_loops_corners, serial_glass, glass_columns_a, glass_columns_c,
          uniq_robin, uniq_sigmund
D:3:      layout_loops_ring, serial_shops, nicolae_shop_overgrown_old_shop,
          minivault_11
D:4:      layout_rooms, minmay_temple_entry_grid, chequers_ossuary_entry_cave
Ossuary:  ossuary_tomb_1

Skill      XL: |  1  2  3 |
---------------+----------+-----
Conjurations   | 1 3 |  3.7
Spellcasting   | 2 3 |  3.7
Fire Magic     | 3 4 |  4.5
Dodging        | |  1.7
Stealth        | |  1.7

Action                   |  1- 3 |  4- 6 || total
-------------------------+-------+-------++-------
Melee: Unarmed           |     9 |     9 ||    18
       Punch             |       |     1 ||     1
 Cast: Foxfire           |   115 |   115 ||   230
       Scorch            |     5 |    15 ||    20
       Conjure Flame     |       |     1 ||     1
  Use: Scroll            |     1 |     5 ||     6
       Potion            |       |     3 ||     3
Armor: Robe              |     5 |    36 ||    41
Dodge: Dodged            |    32 |    66 ||    98

Table legend: (Time is in decaauts)
 A = Elapsed time spent in this place.
 B = Non-inter-level travel time spent in this place.
 C = Inter-level travel time spent in this place.
 D = Time resting spent in this place.
 E = Time spent auto-exploring this place.
 F = Levels seen in this place.
 G = Mean time per level.
                   A        B        C        D        E       F      G
               +--------+--------+--------+--------+--------+-----+--------+
         Total |   5206 |   5074 |    132 |    357 |   3814 |   5 | 1041.2 |
       Dungeon |   4597 |   4465 |    132 |    150 |   3581 |   4 | 1149.2 |
       Ossuary |    609 |    609 |      0 |    207 |    233 |   1 |  609.0 |
               +--------+--------+--------+--------+--------+-----+--------+

Top non-repeatable levels by time:
     D:2: 1852 daAuts
     D:1: 1368 daAuts
     D:3: 1169 daAuts
 Ossuary: 609 daAuts
     D:4: 206 daAuts
